 Dungeon Crawl Stone Soup version 0.25.1-4-g9407a263a5 (webtiles) character file.

Game seed: 6768669505354061662

1113819 Erymatos the Minotaur Barricade (level 27, -5/367 HPs)
             Began as a Minotaur Berserker on Nov 27, 2020.
             Was a High Priest of Trog.
             Killed from afar by a hellion (30 damage)
             ... with damnation
             ... on level 16 of a ziggurat on Nov 28, 2020.
             The game lasted 06:04:25 (109988 turns).

Erymatos the Minotaur Barricade (MiBe)            Turns: 109988, Time: 06:04:25

Health: -5/367     AC: 49    Str: 46    XL:     27
Magic:  39/39      EV: 28    Int:  2    God:    Trog [*****.]
Gold:   6975       SH: 37    Dex: 18    Spells: 26/26 levels left

rFire    + + +     SeeInvis +   E - +14 obsidian axe {vorpal, +Fly SInv *Curse} (curse)
rCold    + + +     Gourm    .   x - +2 tower shield {rC+}
rNeg     + + .     Faith    .   n - +12 gold dragon scales
rPois    +         Spirit   .   R - +1 hat {SInv}
rElec    +         Reflect  .   s - scarf {rC+ rF+}
rCorr    .         Harm     .   N - +2 pair of gloves {Str+3}
MR       +++++                  O - +1 pair of boots of Uhoz {Str+4}
Stlth    ..........             y - amulet of Gimu {Acrobat Str+8 Dex-2 Slay+5 SInv}
HPRegen  1.71/turn              z - ring of Cemogy {rElec rN+ MR+ Dex+4}
MPRegen  0.26/turn              V - ring of Qiluan {+Fly rN+ Slay+2 SInv}

@: berserking, weakened, mesmerised, regenerating, very quick
A: retaliatory headbutt, hooves 1, horns 2, large bone plates 1, slimy green
scales 1, thin skeletal structure 1, blink, dopey 1, fire resistance 1, frail 1,
sense surroundings 1, poison resistance, evolution 1, no potion heal 2
}: 8/15 runes: serpentine, barnacled, slimy, silver, iron, obsidian, icy, bone
a: Blink, Berserk, Trog's Hand, Brothers in Arms, Renounce Religion, Evoke
Flight


You were on level 16 of a ziggurat.
You worshipped Trog.
Trog was extremely pleased with you.
You were near starving.

You visited 18 branches of the dungeon, and saw 88 of its levels.
You visited the Abyss 1 time.
You visited 1 ziggurat, and saw 16 of its levels.
You also visited: Sewer and Ice Cave.

You collected 15021 gold pieces.
You spent 8046 gold pieces at shops.

Inventory:

Hand Weapons
 a - the +13 war axe of Plunder {vorpal, rC+}
   (Trog gifted it to you on level 4 of the Depths)

   It inflicts extra damage upon your enemies.
   It protects you from cold.
 o - the +8 mithril axe "Arga" {speed, MR+}
   (You bought it in a shop on level 2 of the Orcish Mines)

   Attacks with this weapon are significantly faster.
   It affects your resistance to hostile enchantments.
 E - the cursed +14 obsidian axe (weapon) {vorpal, +Fly SInv *Curse}
   (You acquired it on level 9 of a ziggurat)

   It inflicts extra damage upon your enemies.
   It lets you see invisible.
   It lets you fly.
   It curses itself when equipped.
   It has a curse placed upon it.
 H - the +8 frozen axe "Frostbite" {freezing cloud, *Noise +Fly rC+}
   (You found it on level 14 of a ziggurat)

   It has been specially enchanted to freeze those struck by it, causing extra
   injury to most foes and up to half again as much damage against particularly
   susceptible opponents.
   It can also slow down cold-blooded creatures.
   It protects you from cold.
   It lets you fly.
   It may make noises in combat.
 M - the +11 broad axe "Qozoekhe" {vorpal, +Rage rElec}
   (Trog gifted it to you on level 1 of the Elven Halls)

   It inflicts extra damage upon your enemies.
   It insulates you from electricity.
   It lets you go berserk.
 Q - the +12 morningstar of Otumag {vamp, *Corrode rElec Str+5}
   (You found it on level 9 of a ziggurat)

   It inflicts no extra harm, but heals its wielder when it wounds a living foe.
   It affects your strength (+5).
   It insulates you from electricity.
   It may corrode you when you take damage.
Armour
 n - +12 gold dragon scales (worn)
 s - a scarf of resistance (worn)
 x - a +2 tower shield of cold resistance (worn)
 N - a +2 pair of gloves of strength (worn)
 O - the +1 pair of boots of Uhoz (worn) {Str+4}
   (You found it on level 4 of the Shoals)

   It affects your strength (+4).
 R - a +1 hat of see invisible (worn)
 U - the +10 plate armour "Koaraiv" {rElec rPois rN+ Stlth+}
   (You found it on level 15 of a ziggurat)

   It insulates you from electricity.
   It protects you from poison.
   It protects you from negative energy.
   It makes you more stealthy.
 Z - a scarf of repulsion
Jewellery
 e - the ring of Hieloz Feof {*Tele rElec MP+9 Str+4 Slay+2}
   (You found it on level 4 of the Dungeon)

   [ring of teleportation]

   It may teleport you next to monsters.
   It affects your strength (+4).
   It affects your accuracy and damage with ranged weapons and melee attacks
   (+2).
   It insulates you from electricity.
   It affects your magic capacity (+9).
 w - the ring of Zasm {rF+ Int+4 Slay+3 SInv}
   (You found it on level 2 of a ziggurat)

   [ring of protection from fire]

   It affects your intelligence (+4).
   It affects your accuracy and damage with ranged weapons and melee attacks
   (+3).
   It protects you from fire.
   It lets you see invisible.
 y - the amulet of Gimu (around neck) {Acrobat Str+8 Dex-2 Slay+5 SInv}
   (You bought it in a shop on level 2 of the Orcish Mines)

   [amulet of the acrobat]

   It helps you evade while moving and waiting.
   It affects your strength (+8).
   It affects your dexterity (-2).
   It affects your accuracy and damage with ranged weapons and melee attacks
   (+5).
   It lets you see invisible.
 z - the ring of Cemogy (left hand) {rElec rN+ MR+ Dex+4}
   (You found it on level 5 of the Lair of Beasts)

   [ring of protection from magic]

   It affects your dexterity (+4).
   It insulates you from electricity.
   It protects you from negative energy.
   It affects your resistance to hostile enchantments.
 A - a +4 ring of slaying
 B - the ring "Maniv Ubli" {*Slow +Blink rCorr Str+2 Dex+5}
   (You bought it in a shop on level 2 of the Orcish Mines)

   [ring of resist corrosion]

   It affects your strength (+2).
   It affects your dexterity (+5).
   It lets you blink.
   It provides partial protection from all sources of acid and corrosion.
   It may slow you when you take damage.
 L - the ring of Laemeo Nial {*Tele +Fly MR+ Int+4}
   (You found it on level 3 of the Depths)

   [ring of teleportation]

   It may teleport you next to monsters.
   It affects your intelligence (+4).
   It affects your resistance to hostile enchantments.
   It lets you fly.
 V - the ring of Qiluan (right hand) {+Fly rN+ Slay+2 SInv}
   (You found it on level 5 of the Pits of Slime)

   [ring of flight]

   It affects your accuracy and damage with ranged weapons and melee attacks
   (+2).
   It protects you from negative energy.
   It lets you see invisible.
   It lets you fly.
Wands
 I - a wand of flame (158)
Scrolls
 b - a scroll of holy word
 d - 7 scrolls of summoning
 l - 7 scrolls of immolation
 m - 32 scrolls of identify
 q - 31 scrolls of teleportation
 r - 16 scrolls of fear
 t - 4 scrolls of torment
 u - 13 scrolls of blinking
 F - 3 scrolls of magic mapping
 J - 3 scrolls of enchant armour
 K - 5 scrolls of silence
 P - 13 scrolls of vulnerability
 S - 12 scrolls of fog
 Y - 29 scrolls of remove curse
Potions
 f - 5 potions of haste
 g - 27 potions of curing
 h - 8 potions of resistance
 i - 8 potions of mutation
 j - 12 potions of stabbing
 v - 6 potions of might
 C - 11 potions of heal wounds
 D - 4 potions of cancellation
 G - a potion of ambrosia
Miscellaneous
 k - 13 phantom mirrors
 p - a lightning rod (4/4)
 X - 15 boxes of beasts
Comestibles
 c - 49 rations
 T - 3 chunks of flesh


   Skills:
 O Level 27 Fighting
 O Level 27 Axes
 O Level 27 Armour
 O Level 27 Dodging
 O Level 27 Stealth
 O Level 27 Shields
 + Level 26.9 Evocations


You had 26 spell levels left.
You didn't know any spells.
Your spell library was empty.

Dungeon Overview and Level Annotations

Branches:
Dungeon (15/15)            Temple (1/1) D:5            Lair (6/6) D:8
 Shoals (4/4) Lair:2        Snake (4/4) Lair:4        Slime (5/5) Lair:6
    Orc (2/2) D:10            Elf (3/3) Orc:2        Vaults (5/5) D:13
  Crypt (3/3) Vaults:2       Tomb (1/3) Crypt:3      Depths (5/5) D:15
   Hell (visited)             Dis (7/7) Hell            Geh (7/7) Hell
    Coc (7/7) Hell            Tar (7/7) Hell            Zot (5/5) Depths:5
  Sewer (visited)           IceCv (visited)

Altars:
Ashenzari
Cheibriados
Dithmenos
Elyvilon
Fedhas
Gozag
Hepliaklqana
Kikubaaqudgha
Makhleb
Nemelex Xobeh
Okawaru
Qazlal
Ru
Sif Muna
Trog
Uskayaw
Vehumet
Wu Jian
Xom
Yredelemnul
Zin
The Shining One
Jiyva

Shops:
D:4 !   D:10 [   Orc:2 %(=*=   Elf:2 *([?   Elf:3 =   Shoals:1 %   Shoals:2 %
Shoals:4 %   Snake:1 (   Snake:2 }   Snake:3 *[*[   Vaults:4 *

Portals:
Hell: Depths:1 Depths:2 Depths:3 Depths:4 Depths:5
Abyss: Depths:4
Pandemonium: Depths:3 Depths:4

Annotations:
Depths:3 1 exclusion
Dis:7 Dispater


Innate Abilities, Weirdness & Mutations

You reflexively headbutt those who attack you in melee.
You have a pair of horns on your head.
You have large cloven feet.
You are partially covered in large bone plates. (SH +4)
You are partially covered in slimy green scales. (AC +2)
You have a somewhat thin skeletal structure. (Dex +2, Stealth)
You can translocate small distances at will.
You are dopey. (Int -2)
Your flesh is heat resistant. (rF+)
You are frail. (-10% HP)
You passively map a small area around you.
Your system is resistant to poisons. (rPois)
You evolve.
Potions are poor at restoring your health.


Message History

Your body is wracked with pain!
* * * LOW HITPOINT WARNING * * *
Your troll convulses!
You block the Hell Sentinel's attack. x2
Your soul eater hits the Hell Sentinel but does no damage.
You slice the Brimstone Fiend!! You headbutt the Brimstone Fiend!!
The Brimstone Fiend is almost dead.
You slice the ynoxinul!! You open a gate to Pandemonium!
A demon appears!
You feel the power of Trog in you as your rage grows.
You kill the ynoxinul!
Trog accepts your kill.
The ufetubus disappears in a puff of smoke! x2
You barely miss the Hell Sentinel.
You closely miss the monstrous demonspawn.
Your troll is struck by the Hell Sentinel's spines.
Your troll dies!
Your troll's corpse disappears in a puff of smoke!
The hellion gestures at you.
The sphere of damnation explodes!
The damnation engulfs you!!
You die...

▓▓▓▓▓▓▓▓▓
...........▓▓
#≈#.....#≈#.▓▓
≈#≈.....≈#≈..▓▓
#≈#2....#≈#...▓▓
..4............▓▓
,.212.43.§.......▓▓
,>
1..6.1613......∩.▓
4.22261@........▓▓
..1.16.3)......▓▓ *
,#§#...§.#≈#...▓▓
#§§....≈#≈..▓▓
#≈#.....#§#.▓▓
...........▓▓
▓▓▓▓▓▓▓▓▓▓▓*


You could see 2 Hell Sentinels, a Tzitzimitl (black mark), a monstrous
demonspawn (black mark), 2 Brimstone Fiends, 2 Ice Fiends, an infernal warmonger
(black mark), a hell beast (black mark), a lorocyproca (black mark, invisible),
a reaper (black mark), a torturous corrupter (black mark), a gelid black sun
(fast, black mark, icemail), a blizzard demon (black mark), a shadow demon
(black mark), 3 ice devils, a hellion (black mark) and 3 friendly soul eaters.

Vanquished Creatures
  Asmodeus (Geh:7)
  Antaeus (Coc:7)
  the Royal Jelly (Slime:5)
  Ereshkigal (Tar:7)
  the Serpent of Hell (Coc:7)
  8 ancient liches
  The ghost of Lepraw the Wrestler, a legendary TrBe of Trog (Zot:1)
  11 orbs of fire
  4 juggernauts
  3 pandemonium lords (Zig:11)
  Sojobo (Vaults:2)
  Frederick (Crypt:2)
  3 greater mummies (Tomb:1)
  6 Killer Klowns
  11 shard shrikes
  Bai Suzhen (Depths:2)
  Saint Roka (Vaults:2)
  2 caustic shrikes (Depths:2)
  Xtahua (Crypt:1)
  15 golden dragons
  Geryon (Hell)
  A curse toe (Zot:4)
  the Enchantress (Depths:4)
  20 bone dragons
  A pearl dragon (Depths:1)
  39 Tzitzimimeh
  9 iron giants (Dis:7)
  15 doom hounds
  18 Brimstone Fiends
  8 electric golems
  17 tentacled monstrosities
  A shard shrike zombie (Crypt:1)
  Rupert (Vaults:2)
  10 Hell Sentinels
  21 Ice Fiends
  2 deep elf blademasters (Elf:3)
  25 Orb Guardians (Zot:5)
  4 titans (Vaults:5)
  2 deep elf master archers (Elf:3)
  14 liches
  Asterion (Snake:3)
  An acid blob (shapeshifter) (Depths:4)
  24 acid blobs
  5 quicksilver dragons
  4 Executioners
  11 death cobs
  2 eldritch tentacles
  19 ancient champions
  3 tentacled starspawn
  7 sphinxes
  27 shadow dragons
  9 tengu reavers
  14 azure jellies
  7 draconian monks
  22 storm dragons
  A revenant (Zig:9)
  Ilsuiw (Shoals:4)
  A fire giant (shapeshifter) (Zig:11)
  7 nagarajas
  12 frost giants
  2 orc warlords
  5 draconian knights
  13 fire giants
  7 ghost moths
  15 iron dragons
  10 deep elf sorcerers
  An emperor scorpion (Zig:12)
  10 draconian scorchers
  5 draconian shifters
  10 vault wardens
  A juggernaut zombie (Zig:8)
  2 caustic shrike zombies (Zig:15)
  17 balrugs
  4 curse skulls
  4 cacodemons
  7 deep elf elementalists
  5 draconian stormcallers
  16 ghouls
  7 draconian annihilators
  19 ironheart preservers
  3 spriggan defenders (Depths:4)
  2 black suns (Zig:16)
  5 elemental wellsprings
  6 caustic shrike skeletons
  An ophan (Depths:1)
  4 juggernaut skeletons
  16 vampire knights
  18 war gargoyles
  25 very ugly things
  7 entropy weavers
  25 stone giants
  10 green draconians
  81 reapers
  An apis (Depths:1)
  2 lorocyprocas
  4 bennus
  An entropy weaver (shapeshifter) (Depths:2)
  A blood saint (Zig:16)
  15 purple draconians
  Azrael (D:13)
  13 white draconians
  11 yellow draconians
  6 deep elf demonologists
  7 deep elf annihilators
  12 black draconians
  A dire elephant (shapeshifter) (Zig:11)
  20 red draconians
  3 spark wasps (Depths:3)
  The ghost of Thomus the Severer, a journeyman HOFi of Okawaru (Lair:2)
  12 ettins
  Josephine (D:15)
  19 blizzard demons
  14 fire dragons
  2 crystal guardians
  9 merfolk javelineers
  A green death (Dis:7)
  10 deep elf death magi
  20 ogre magi
  5 death oozes (Slime:5)
  6 eidola
  14 jiangshi
  6 mummy priests (Tomb:1)
  7 merfolk impalers
  19 yaktaur captains
  5 deep elf high priests
  A kraken zombie (Coc:3)
  10 quicksilver dragon zombies
  27 vault guards
  5 great orbs of eyes
  10 naga warriors
  2 rakshasas
  12 hydras
  A fire dragon (shapeshifter) (Zig:10)
  2 hell beasts
  Harold (Lair:2)
  27 ice dragons
  10 spriggan air magi
  13 anacondas
  3 ghost crabs
  4 quicksilver dragon skeletons
  A catoblepas (Lair:5)
  5 merfolk avatars
  2 alligators (Zig:14)
  11 centaur warriors
  4 merfolk aquamancers
  2 death knights
  A satyr (Shoals:3)
  5 deep troll earth magi
  A two-headed ogre (shapeshifter) (Depths:2)
  29 dancing weapons
  An anaconda (shapeshifter) (Depths:2)
  9 vampire magi
  60 two-headed ogres
  A satyr (shapeshifter) (Zig:11)
  34 death scarabs (Tomb:1)
  15 shock serpents
  4 deep troll shamans
  16 naga sharpshooters
  20 sun demons
  4 tengu warriors
  17 hell hogs
  2 spriggan berserkers (Depths:2)
  10 titan zombies
  18 deep elf knights
  5 storm dragon zombies
  Nergalle (Lair:2)
  18 hell knights
  20 soul eaters
  6 spriggans
  9 shadow wraiths
  7 iron golems
  171 skeletal warriors
  A fire crab (shapeshifter) (Elf:2)
  A spark wasp zombie (Hell)
  2 ghost moth zombies
  13 sea snakes
  9 salamander mystics
  A sixfirhy (Depths:3)
  A spriggan druid (Zig:14)
  2 swamp dragons (Zig:14)
  A swamp dragon (shapeshifter) (Zig:10)
  14 iron trolls
  12 titan skeletons
  5 glowing orange brains
  4 death drakes
  4 unseen horrors
  14 anaconda zombies
  A glowing orange brain (shapeshifter) (D:13)
  2 orange crystal statues (Zig:3)
  16 flayed ghosts
  9 naga ritualists
  An iron giant zombie (Crypt:1)
  18 shadow demons
  22 deep trolls
  11 storm dragon skeletons
  6 golden dragon zombies
  2 unseen horrors (shapeshifter) (Vaults:1)
  4 lindwurms
  17 golden dragon skeletons
  8 shadow dragon zombies
  5 wizards
  27 mana vipers
  21 phantasmal warriors
  A sphinx zombie (Zig:15)
  9 deep elf archers
  27 harpies
  6 large abominations (Abyss:3)
  9 fire giant zombies
  11 necromancers
  An obsidian statue (Zig:3)
  A tengu zombie (Zig:15)
  8 iron dragon zombies
  13 orc knights
  38 ugly things
  18 anaconda skeletons
  8 wolf spiders
  14 manticores
  13 stone giant zombies
  12 ironbrand convokers
  4 shining eyes
  2 orb spiders
  2 wolf spiders (shapeshifter)
  A manticore (shapeshifter) (Depths:4)
  8 wolf spider zombies
  6 orc sorcerers
  A mana viper (shapeshifter) (Zig:10)
  14 cyclopes
  4 oklob plants (Lair:5)
  8 frost giant zombies
  11 fauns
  11 salamanders
  13 shadow dragon skeletons
  3 tengu skeletons
  2 sphinx skeletons (Depths:3)
  A worldbinder (Abyss:3)
  61 deep elf magi
  Joseph (D:8)
  36 moths of wrath
  A shining eye (shapeshifter) (Elf:3)
  6 elephants (Lair:4)
  10 iron dragon skeletons
  4 shock serpent zombies
  12 stone giant skeletons
  A draconian (Zot:2)
  15 merfolk sirens
  9 guardian serpents
  A black mamba (shapeshifter) (Depths:4)
  15 frost giant skeletons
  26 naga magi
  An apocalypse crab (Zig:11)
  11 fire giant skeletons
  A titan simulacrum (Coc:7)
  13 dire elephant zombies
  9 molten gargoyles
  12 vault sentinels
  4 eyes of devastation
  47 black mambas
  Maurice (D:8)
  4 ice statues
  49 rust devils
  7 water nymphs
  A smoke demon (Geh:7)
  Maggie (D:8)
  A gargoyle (D:11)
  23 spiny frogs
  5 kobold demonologists
  5 spriggan zombies
  A spriggan skeleton (Zig:15)
  A purple draconian zombie (Crypt:1)
  46 yaktaurs
  2 rime drakes
  6 centaur skeletons
  8 dire elephant skeletons
  A yaktaur (shapeshifter) (Vaults:3)
  3 demonic crawlers (Zig:12)
  A catoblepas zombie (Dis:7)
  44 hellions
  20 hydra zombies
  A redback zombie (D:15)
  4 yaktaur zombies
  62 freezing wraiths
  47 tormentors
  2 ancient zymes (Abyss:3)
  An anaconda simulacrum (Coc:6)
  3 efreet
  27 red devils
  5 komodo dragons
  9 guardian mummies
  A green draconian skeleton (Geh:4)
  6 tengu conjurers
  A ghost moth simulacrum (Coc:3)
  5 harpy zombies
  34 ice devils
  A jumping spider (shapeshifter) (D:13)
  3 catoblepas skeletons
  A black draconian skeleton (Crypt:3)
  6 silent spectres
  A hellwing (Depths:3)
  A queen bee (Depths:2)
  2 shadow dragon simulacra
  27 merfolk
  15 trolls
  12 hydra skeletons
  A polar bear (Lair:6)
  2 harpy skeletons
  3 jumping spiders
  8 hornets
  6 wind drakes
  A tengu simulacrum (Vaults:2)
  2 hornets (shapeshifter)
  3 tyrant leeches (Lair:6)
  A polar bear (shapeshifter) (Vaults:1)
  A blink frog (shapeshifter) (Vaults:1)
  7 fire dragon zombies
  A slime creature (shapeshifter) (Zig:10)
  A tarantella zombie (Crypt:3)
  81 slime creatures
  2 spectral guardian serpents (Crypt:1)
  41 blink frogs
  12 ettin zombies
  4 bog bodies
  9 raiju
  6 ice dragon zombies
  5 snapping turtles
  11 hippogriffs
  2 black mamba zombies (Geh:5)
  A frost giant simulacrum (Vaults:1)
  15 dream sheep
  2 stone giant simulacra
  5 alligator zombies
  140 flying skulls
  6 starcursed masses (Abyss:3)
  2 alligator skeletons
  51 shadows
  4 air elementals
  19 ettin skeletons
  An ushabti (Zig:8)
  Sigmund (D:2)
  9 ice dragon skeletons
  A tarantella (shapeshifter) (Depths:3)
  3 fire dragon skeletons
  6 tarantellas
  10 redbacks
  43 wraiths
  2 ynoxinuls
  25 water elementals
  3 black mamba skeletons
  3 fire bats (Geh:1)
  24 yaks
  3 wyverns
  A golden eye (shapeshifter) (Depths:3)
  2 chaos spawn
  31 fire elementals
  10 hungry ghosts
  14 vampire mosquitoes
  3 basilisks
  A yaktaur simulacrum (Vaults:1)
  A monstrous demonspawn zombie (Tar:7)
  3 neqoxecs
  7 insubstantial wisps
  3 acid dragons
  36 nagas
  A deep troll zombie (Crypt:2)
  2 soldier ants
  A merfolk zombie (Tar:3)
  7 wargs
  11 spiny frog zombies
  A human skeleton (Depths:3)
  A deep troll skeleton (Vaults:4)
  8 water moccasins
  86 hell hounds
  A hydra simulacrum (Coc:4)
  6 porcupines
  A monstrous demonspawn skeleton (Dis:5)
  A porcupine (shapeshifter) (Vaults:3)
  5 spiny frog skeletons
  43 orc warriors
  2 swamp drakes (Zig:14)
  8 snapping turtle zombies
  A black bear (D:11)
  An eye of draining (shapeshifter) (Vaults:1)
  18 ice beasts
  4 eyes of draining
  42 necrophages
  5 sky beasts
  A hornet zombie (D:13)
  11 phantoms
  39 centaurs
  4 manticore zombies
  62 ogres
  11 wolves
  5 boggarts
  3 manticore skeletons
  9 snapping turtle skeletons
  A dream sheep skeleton (Crypt:2)
  7 crocodiles
  3 swamp dragon skeletons
  A hog skeleton (Crypt:2)
  26 bullfrogs
  A salamander zombie (Crypt:1)
  A hippogriff zombie (Shoals:4)
  6 big kobolds
  A wyvern zombie (D:9)
  2 earth elementals (Elf:1)
  A gnoll sergeant (D:4)
  5 elf skeletons
  A hippogriff skeleton (Crypt:2)
  A troll zombie (Dis:6)
  6 small abominations
  A warg zombie (Crypt:2)
  A shapeshifter zombie (Crypt:2)
  2 human simulacra
  38 killer bees
  7 scorpions
  A snapping turtle simulacrum (Tar:1)
  A queen bee zombie (Crypt:3)
  2 troll skeletons
  101 wights
  4 howler monkeys
  9 electric eels
  4 centaur zombies
  19 crimson imps
  3 draconian simulacra (IceCv)
  9 hounds
  9 quasits
  14 orc priests
  20 orc wizards
  A basilisk zombie (Crypt:3)
  8 jellies
  2 bullfrog skeletons
  2 human zombies
  43 iron imps
  2 iguanas
  6 troll simulacra (IceCv)
  7 worker ants
  2 polar bear simulacra (IceCv)
  A spriggan simulacrum (IceCv)
  2 wolf simulacra (IceCv)
  An ogre zombie (Crypt:1)
  A felid skeleton (Crypt:1)
  A naga zombie (Tar:6)
  3 hound skeletons
  30 mummies
  Robin (D:2)
  8 adders
  6 ogre simulacra (IceCv)
  4 naga simulacra (IceCv)
  23 shadow imps
  38 white imps
  11 oozes
  2 ufetubi (Depths:3)
  An adder zombie (D:10)
  An adder skeleton (D:5)
  6 worms
  A dart slug (D:4)
  5 leopard geckos
  79 orcs
  2 ball pythons
  A bat zombie (Shoals:4)
  14 giant cockroaches
  A gnoll zombie (Crypt:1)
  18 goblins
  14 hobgoblins
  11 jackals
  5 quokkas
  10 bats
  8 frilled lizards
  A giant cockroach zombie (Crypt:3)
  A jackal zombie (D:8)
  24 kobolds
  An orc skeleton (Tar:3)
  11 rats
  A river rat skeleton (Crypt:2)
  4 crawling corpses (Elf:3)
  3 fungi
  14 plants
  3 starspawn tentacles
  3 tentacles (Coc:3)
4906 creatures vanquished.

Vanquished Creatures (collateral kills)
  A pandemonium lord (Zig:16)
  Vashnia (Snake:2)
  A bone dragon (Tar:7)
  A doom hound (Zig:13)
  A Tzitzimitl (Tar:7)
  2 Hell Sentinels (Dis:7)
  An Executioner (Zig:16)
  An ancient champion (Crypt:1)
  3 sphinxes (Tomb:1)
  A fire giant (D:9)
  A balrug (Geh:7)
  A cacodemon (Dis:7)
  A ghost moth (Zig:12)
  3 war gargoyles
  2 reapers
  A black draconian (Zot:5)
  An eidolon (Crypt:1)
  A red draconian (Zot:5)
  A deep elf demonologist (Elf:3)
  A blizzard demon (Dis:7)
  2 deep elf death magi
  A merfolk impaler (Shoals:4)
  A hydra (Zig:14)
  A naga warrior (Snake:4)
  A two-headed ogre (D:9)
  3 dancing weapons (Elf:2)
  A death scarab (Tomb:1)
  2 titan zombies
  3 hell hogs
  A shock serpent (Snake:2)
  A soul eater (Hell)
  4 naga sharpshooters
  A vampire mage (Crypt:3)
  An iron golem (Dis:7)
  A storm dragon zombie (Dis:7)
  2 sun demons (Hell)
  7 skeletal warriors
  A spark wasp zombie (Hell)
  2 flayed ghosts
  A lindwurm (Snake:4)
  A phantasmal warrior (Crypt:2)
  An orc knight (Zig:10)
  2 orb spiders (Zig:12)
  An iron dragon zombie (Hell)
  A wolf spider zombie (Tar:7)
  A mana viper (Snake:2)
  4 deep elf magi (Elf:2)
  An iron dragon skeleton (Tar:7)
  A stone giant zombie (Dis:7)
  A salamander (Snake:1)
  2 moths of wrath (Zot:5)
  2 rust devils (Dis:7)
  A merfolk siren (Shoals:4)
  An apocalypse crab (Zig:11)
  2 shock serpent zombies
  2 hellions (Geh:7)
  A purple draconian skeleton (Crypt:2)
  4 ice devils
  A tormentor (Dis:7)
  A red devil (Hell)
  A guardian mummy (Tomb:1)
  A harpy zombie (Shoals:4)
  2 freezing wraiths
  A merfolk (Shoals:4)
  A hornet (Zig:14)
  A troll (D:8)
  A bog body (Zig:14)
  An ettin skeleton (Tar:7)
  2 wraiths
  2 shadows (Tar:7)
  7 flying skulls
  A fire elemental (Hell)
  2 ushabtiu (Tomb:1)
  An alligator skeleton (Coc:6)
  An elf zombie (Hell)
  A wyvern (Lair:5)
  A black mamba skeleton (Dis:7)
  2 nagas
  A wolf (D:8)
  An iron imp (Dis:7)
  A porcupine skeleton (Crypt:2)
  A tengu zombie (Coc:7)
  A crocodile skeleton (Crypt:3)
  3 mummies
  8 white imps
139 creatures vanquished.

Vanquished Creatures (others)
  A sphinx (Tomb:1)
  2 elemental wellsprings
  An ogre mage (Depths:2)
  An ice dragon (Vaults:4)
  A rakshasa (Depths:4)
  A ghost crab (Zig:14)
  A swamp dragon (Zig:14)
  A wolf spider (Vaults:1)
  A tyrant leech (Zig:14)
  A bog body (Zig:14)
  A spriggan (Zig:14)
  A water elemental (Elf:3)
  3 vampire mosquitoes
  2 swamp drakes (Zig:14)
  A hell hound (Dis:7)
  3 iron imps (Dis:7)
  An ufetubus (Abyss:3)
  9 fungi (Lair:6)
  43 plants
  2 starspawn tentacles (Depths:2)
  5 tentacles (Coc:3)
82 creatures vanquished.

Grand Total: 5127 creatures vanquished

Notes
Turn   | Place    | Note
-------+----------+-------------------------------------------
     0 | D:1      | Erymatos the Minotaur Berserker began the quest for the
                  | Orb.
     0 | D:1      | Reached XP level 1. HP: 19/19 MP: 0/0
   156 | D:1      | Reached XP level 2. HP: 19/27 MP: 1/1
   663 | D:1      | Reached XP level 3. HP: 32/33 MP: 2/2
  1054 | D:2      | Reached ** piety under Trog
  1074 | D:2      | Noticed Robin
  1086 | D:2      | Killed Robin
  1096 | D:2      | Reached XP level 4. HP: 12/41 MP: 3/3
  1354 | D:2      | Noticed Sigmund
  1364 | D:2      | Killed Sigmund
  1364 | D:2      | Reached skill level 5 in Fighting
  1364 | D:2      | Reached skill level 5 in Axes
  1364 | D:2      | Reached skill level 1 in Stealth
  1364 | D:2      | Reached XP level 5. HP: 24/48 MP: 4/4
  2565 | D:3      | Reached *** piety under Trog
  2565 | D:3      | Reached XP level 6. HP: 56/56 MP: 5/5
  2573 | D:3      | Found a shattered altar of Ashenzari.
  2919 | D:3      | Found a sparkling altar of Nemelex Xobeh.
  3585 | D:4      | Got a bound granite ring
  3774 | D:4      | Identified the ring of Hieloz Feof {*Tele rElec MP+9 Str+4
                  | Slay+2} (You found it on level 4 of the Dungeon)
  3871 | D:4      | Found a radiant altar of Vehumet.
  4103 | D:4      | Found an ornate altar of the Wu Jian Council.
  4169 | D:4      | Found Hikiati's Distillery.
  4188 | D:4      | Bought a potion of heal wounds for 50 gold pieces
  4188 | D:4      | Bought a potion of curing for 30 gold pieces
  4188 | D:4      | Bought a potion of resistance for 100 gold pieces
  4334 | D:4      | Reached XP level 7. HP: 62/62 MP: 6/6
  4774 | D:5      | Entered Level 5 of the Dungeon
  4800 | D:5      | Found a shimmering altar of Xom.
  4809 | D:5      | Reached **** piety under Trog
  4856 | D:5      | Found a glowing drain.
  5221 | D:5      | Found a staircase to the Ecumenical Temple.
  5306 | D:5      | Found a shimmering blue altar of Sif Muna.
  5429 | Sewer    | Entered a sewer
  5847 | Sewer    | Reached XP level 8. HP: 71/71 MP: 7/7
  6244 | D:6      | You fall into a shaft and drop 2 floors!
  6247 | D:8      | Noticed a troll
  6257 | D:8      | Killed a troll
  6257 | D:8      | Reached skill level 10 in Axes
  6267 | D:8      | Noticed Maggie
  6274 | D:8      | Killed Maggie
  6274 | D:8      | Reached XP level 9. HP: 80/80 MP: 8/8
  6314 | D:8      | Found a glowing golden altar of the Shining One.
  6316 | D:8      | Noticed an angel
  6332 | D:8      | Found a basalt altar of Yredelemnul.
  6334 | D:8      | Noticed a profane servitor
  6407 | D:8      | Noticed Joseph
  6417 | D:8      | Killed Joseph
  6523 | D:8      | Noticed Maurice
  6534 | D:8      | Killed Maurice
  6633 | D:8      | Reached skill level 5 in Dodging
  6633 | D:8      | Reached skill level 1 in Shields
  6734 | D:8      | Found a staircase to the Lair.
  6893 | D:8      | Got a warped rapier
  6894 | D:8      | Identified the cursed +3 rapier "Nydunaod" {vorpal, *Slow
                  | Str+2 Stlth+} (You found it on level 8 of the Dungeon)
  7443 | D:8      | Reached ***** piety under Trog
  7826 | D:7      | Found a bloodstained altar of Trog.
  7906 | D:7      | Found a sparkling altar of Nemelex Xobeh.
  7980 | D:7      | Reached XP level 10. HP: 51/90 MP: 9/9
  8836 | D:6      | Received a gift from Trog
  9554 | D:9      | Noticed a two-headed ogre
  9554 | D:9      | Noticed a two-headed ogre
  9560 | D:9      | Killed a two-headed ogre
  9560 | D:9      | Reached skill level 15 in Axes
  9563 | D:9      | Killed a two-headed ogre
  9642 | D:9      | Found a white marble altar of Elyvilon.
  9900 | D:9      | Found a sacrificial altar of Ru.
  9975 | D:9      | Noticed a centaur warrior
  9985 | D:9      | Reached XP level 11. HP: 99/99 MP: 10/10
  9989 | D:9      | Killed a centaur warrior
  9990 | D:9      | Reached skill level 10 in Fighting
 10004 | D:9      | Noticed a flayed ghost
 10004 | D:9      | Noticed a fire giant
 10011 | D:9      | Killed a flayed ghost
 10013 | D:9      | Killed a fire giant
 10023 | D:9      | Got a transparent silver ring
 10047 | D:9      | Identified the ring of the Zebra {rElec Str+6 SInv Stlth-}
                  | (You found it on level 9 of the Dungeon)
 10595 | D:10     | Entered Level 10 of the Dungeon
 10831 | D:10     | Found a staircase to the Orcish Mines.
 11077 | D:10     | Found Uruf Eto's Armour Shoppe.
 11139 | D:10     | Bought a +1 hat for 176 gold pieces
 11139 | D:10     | Bought a +2 kite shield of reflection for 296 gold pieces
 11263 | D:11     | Paralysed by a hornet for 3 turns
 11560 | D:11     | Noticed an unseen horror
 11567 | D:11     | Killed an unseen horror
 11567 | D:11     | Reached skill level 5 in Shields
 12081 | D:11     | Reached XP level 12. HP: 102/107 MP: 11/11
 12307 | D:11     | Reached skill level 10 in Shields
 12690 | D:11     | Found a viscous altar of Jiyva.
 12868 | Lair:1   | Entered Level 1 of the Lair of Beasts
 13481 | Lair:1   | Noticed an eight-headed hydra
 13492 | Lair:1   | Killed an eight-headed hydra
 14011 | Lair:1   | Noticed a six-headed hydra
 14023 | Lair:1   | Killed an eight-headed hydra
 14231 | Lair:1   | Noticed an eight-headed hydra
 14239 | Lair:1   | Killed an eight-headed hydra
 14796 | Lair:2   | Noticed Harold
 14808 | Lair:2   | Killed Harold
 14846 | Lair:2   | Found a runed translucent door.
 14847 | Lair:2   | Noticed Thomus's ghost (journeyman HOFi)
 14848 | Lair:2   | Noticed a five-headed hydra
 14849 | Lair:2   | Noticed Nergalle
 14864 | Lair:2   | Killed Nergalle
 14867 | Lair:2   | Killed a five-headed hydra
 14995 | Lair:2   | Found a staircase to the Shoals.
 15712 | Lair:2   | Killed Thomus's ghost
 15924 | Lair:3   | Reached XP level 13. HP: 99/114 MP: 12/12
 16056 | Lair:3   | Reached skill level 15 in Shields
 16747 | Lair:4   | Got a translucent ring mail
 16758 | Lair:4   | Identified the +0 ring mail of Puroerph {MR+} (You found it
                  | on level 4 of the Lair of Beasts)
 16967 | Lair:4   | Found a staircase to the Snake Pit.
 17354 | Lair:4   | Got a shimmering robe
 17365 | Lair:4   | Identified the +1 robe of Riekust {Str+3} (You found it on
                  | level 4 of the Lair of Beasts)
 17437 | Lair:4   | Got a jewelled flail
 17438 | Lair:4   | Identified the +5 flail "Ponisoe" {elec, +Fly rC+ Dex-2}
                  | (You found it on level 4 of the Lair of Beasts)
 17541 | Lair:4   | Received a gift from Trog
 18224 | Lair:5   | You fall into a shaft and drop 1 floor!
 18224 | Lair:6   | Entered Level 6 of the Lair of Beasts
 18272 | Lair:5   | Found a frozen archway.
 18291 | IceCv    | Entered an ice cave
 18573 | IceCv    | Reached skill level 5 in Armour
 19015 | IceCv    | Found an ancient bone altar of Kikubaaqudgha.
 19909 | Lair:5   | Received a gift from Trog
 20318 | Lair:5   | Reached XP level 14. HP: 125/125 MP: 10/13
 20329 | Lair:5   | Got a bound lapis lazuli ring
 20349 | Lair:5   | Identified the ring of Cemogy {rElec rN+ MR+ Dex+4} (You
                  | found it on level 5 of the Lair of Beasts)
 21209 | Lair:6   | Found a viscous altar of Jiyva.
 21209 | Lair:6   | Found a staircase to the Slime Pits.
 21317 | Lair:6   | Found the +6 lightning scales {run, rElec}
 22146 | Orc:1    | Entered Level 1 of the Orcish Mines
 22160 | Orc:1    | Received a gift from Trog
 22406 | Orc:2    | Entered Level 2 of the Orcish Mines
 22411 | Orc:2    | Found Hitz's Jewellery Shoppe.
 22615 | Orc:2    | Found Merurgh's Assorted Antiques.
 22616 | Orc:2    | Found Wuam's Jewellery Emporium.
 22651 | Orc:2    | Reached ****** piety under Trog
 22674 | Orc:2    | Reached XP level 15. HP: 41/136 MP: 5/14
 22996 | Orc:2    | Found Avannyegh's Antique Weapon Shop.
 22998 | Orc:2    | Bought a coiled bronze amulet for 150 gold pieces
 23004 | Orc:2    | Found a staircase to the Elven Halls.
 23080 | Orc:2    | Found Cihiqor's Food Shoppe.
 23263 | D:12     | Received a gift from Trog
 24143 | D:12     | Identified the amulet of Gimu {Acrobat Str+8 Dex-2 Slay+5
                  | SInv} (You bought it in a shop on level 2 of the Orcish
                  | Mines)
 24934 | D:13     | Received a gift from Trog
 25114 | D:13     | Found the +3 robe of Clouds {+Thunder rCloud rElec}
 25262 | D:13     | Noticed Azrael
 25276 | D:13     | Killed Azrael
 25773 | D:13     | Found a gate to the Vaults.
 26070 | D:14     | Reached skill level 10 in Armour
 26164 | D:14     | You fall into a shaft and drop 1 floor!
 26164 | D:15     | Entered Level 15 of the Dungeon
 26323 | D:15     | Found the amulet of Vitality {Regen+ HP+15}
 26412 | D:15     | Received a gift from Trog
 26504 | D:15     | Noticed Josephine
 26511 | D:15     | Reached skill level 15 in Fighting
 26518 | D:15     | Killed Josephine
 26575 | D:15     | Found a staircase to the Depths.
 27877 | Snake:1  | Entered Level 1 of the Snake Pit
 27938 | Snake:1  | Reached XP level 16. HP: 133/149 MP: 15/15
 28245 | Snake:1  | Received a gift from Trog
 28304 | Snake:1  | Found Gemeciwn's Weapon Boutique.
 28384 | Snake:1  | Identified the +9 mace of Overwhelming Force {vorpal, MR+}
 28408 | Snake:1  | Reached skill level 10 in Dodging
 29360 | Orc:2    | Bought the +8 mithril axe "Arga" {speed, MR+} for 1938 gold
                  | pieces
 29360 | Orc:2    | Found the +8 mithril axe "Arga" {speed, MR+}
 29874 | Snake:2  | Paralysed by fainting for 9 turns
 30069 | Snake:2  | Found Lajefor's Gadget Shop.
 30289 | Snake:2  | Noticed Vashnia
 30773 | Snake:2  | Killed Vashnia
 31146 | Snake:3  | Received a gift from Trog
 31352 | Snake:3  | Noticed Asterion
 31374 | Snake:3  | Killed Asterion
 31374 | Snake:3  | Reached XP level 17. HP: 160/160 MP: 16/16
 31572 | Snake:3  | Found Hufiph's Armour Shoppe.
 31574 | Snake:3  | Found Anuu's General Store.
 31574 | Snake:3  | Found Qeycumm's Armour Shoppe.
 31614 | Snake:3  | Found Asom's Assorted Antiques.
 32060 | Snake:4  | Entered Level 4 of the Snake Pit
 32974 | Snake:4  | Received a gift from Trog
 33820 | Snake:4  | Received a gift from Trog
 33845 | Snake:4  | Reached XP level 18. HP: 172/172 MP: 17/17
 34082 | Snake:4  | Got a serpentine rune of Zot
 34604 | D:10     | Bought a scarf of repulsion for 192 gold pieces
 34827 | D:15     | Identified 3 scrolls of acquirement
 34828 | D:15     | Acquired a manual of Armour
 35046 | Shoals:1 | Entered Level 1 of the Shoals
 35283 | Shoals:1 | Reached skill level 15 in Armour
 35605 | Shoals:1 | Found Cugelese's Food Shop.
 36401 | Shoals:2 | Found Ilaeqaj's Food Shop.
 37639 | Shoals:4 | Entered Level 4 of the Shoals
 37694 | Shoals:4 | Noticed Ilsuiw
 38259 | Shoals:4 | Found Kieseq's Food Emporium.
 38268 | Shoals:4 | Received a gift from Trog
 38334 | Shoals:4 | Killed Ilsuiw
 38547 | Shoals:4 | Got a barnacled rune of Zot
 38859 | Shoals:4 | Got a pair of ichor-stained boots
 38870 | Shoals:4 | Identified the +1 pair of boots of Uhoz {Str+4} (You found
                  | it on level 4 of the Shoals)
 38961 | Shoals:4 | Reached XP level 19. HP: 179/179 MP: 18/18
 39740 | Vaults:1 | Entered Level 1 of the Vaults
 39774 | Vaults:1 | Received a gift from Trog
 41258 | Vaults:1 | Received a gift from Trog
 42109 | Vaults:2 | Received a gift from Trog
 42317 | Vaults:2 | Noticed Saint Roka
 42351 | Vaults:2 | Killed Saint Roka
 42351 | Vaults:2 | Reached XP level 20. HP: 153/191 MP: 19/19
 42566 | Vaults:2 | Found a staircase to the Crypt.
 42662 | Vaults:2 | Noticed Sojobo
 42663 | Vaults:2 | Noticed Rupert
 42678 | Vaults:2 | Killed Rupert
 42697 | Vaults:2 | Killed Sojobo
 43665 | Vaults:3 | Received a gift from Trog
 44665 | Vaults:3 | Received a gift from Trog
 45314 | Vaults:4 | Reached XP level 21. HP: 203/203 MP: 20/20
 45335 | Vaults:4 | Found Ofeihu's General Store.
 45359 | Vaults:4 | Bought 2 potions of heal wounds for 100 gold pieces
 45957 | Vaults:4 | Received a gift from Trog
 46883 | Crypt:1  | Entered Level 1 of the Crypt
 46904 | Crypt:1  | Noticed Xtahua
 46916 | Crypt:1  | Killed Xtahua
 47053 | Crypt:1  | Received a gift from Trog
 47859 | Crypt:2  | Noticed Frederick
 47870 | Crypt:2  | Killed Frederick
 48029 | Crypt:2  | Reached XP level 22. HP: 180/215 MP: 21/21
 48719 | Crypt:3  | Entered Level 3 of the Crypt
 48726 | Crypt:3  | Received a gift from Trog
 49683 | Crypt:3  | Noticed an ancient lich
 49694 | Crypt:3  | Killed an ancient lich
 49794 | Crypt:3  | Got a bronze plate armour
 49808 | Crypt:3  | Identified the +9 plate armour "Jet Zair" {-Tele +Inv rElec
                  | Str+8} (You found it on level 3 of the Crypt)
 49907 | Crypt:3  | Received a gift from Trog
 50513 | Crypt:3  | Found a staircase to the Tomb.
 50632 | Crypt:3  | Acquired a manual of Shields
 50736 | Tomb:1   | Entered Level 1 of the Tomb of the Ancients
 51797 | Tomb:1   | Noticed a greater mummy
 51798 | Tomb:1   | Noticed a greater mummy
 51801 | Tomb:1   | Noticed a greater mummy
 52425 | Tomb:1   | Killed a greater mummy
 52433 | Tomb:1   | Killed a greater mummy
 52433 | Tomb:1   | Reached XP level 23. HP: 191/225 MP: 22/22
 52739 | Tomb:1   | Killed a greater mummy
 53215 | Tomb:1   | Got a shimmering chain mail
 53232 | Tomb:1   | Identified the +3 chain mail of the Original Sin {rElec
                  | Regen+ Str-3} (You found it on level 1 of the Tomb of the
                  | Ancients)
 53809 | Depths:1 | Entered Level 1 of the Depths
 53917 | Depths:1 | Found a gateway to Hell.
 54057 | Depths:1 | Found a white marble altar of Elyvilon.
 54057 | Depths:1 | Found a glowing golden altar of the Shining One.
 54057 | Depths:1 | Found a glowing silver altar of Zin.
 55020 | Depths:2 | Received a gift from Trog
 55096 | Depths:2 | Noticed a juggernaut
 55110 | Depths:2 | Killed a juggernaut
 55201 | Depths:2 | Acquired 1410 gold pieces
 55283 | Depths:2 | Found a runed translucent door.
 55338 | Depths:2 | Cast into level 3 of the Abyss (ettin)
 55562 | Abyss:3  | Noticed an ancient lich
 55572 | Abyss:3  | Killed an ancient lich
 55625 | Abyss:3  | Paralysed by accursed screaming for 1 turns
 55641 | Depths:2 | Escaped the Abyss
 55642 | Depths:2 | Reached skill level 15 in Dodging
 56302 | Depths:2 | Noticed Bai Suzhen
 56312 | Depths:2 | Killed Bai Suzhen
 56664 | Depths:2 | Noticed a caustic shrike
 56673 | Depths:2 | Killed a caustic shrike
 56673 | Depths:2 | Reached XP level 24. HP: 216/237 MP: 22/22
 57033 | Depths:2 | Received a gift from Trog
 57061 | Depths:2 | Noticed a juggernaut
 57074 | Depths:2 | Killed a juggernaut
 58210 | Depths:3 | Got a jewelled halberd
 58218 | Depths:3 | Identified the cursed +1 halberd "Tauripez" {flame, rElec
                  | rC- Stlth+} (You found it on level 3 of the Depths)
 58327 | Depths:3 | Received a gift from Trog
 58473 | Depths:3 | Got a bound wooden ring
 58484 | Depths:3 | Identified the ring of Laemeo Nial {*Tele +Fly MR+ Int+4}
                  | (You found it on level 3 of the Depths)
 58537 | Depths:3 | Got a transparent copper ring
 58541 | Depths:3 | Identified the ring of Asaodaur {rElec rN+ Str-5 Dex+7
                  | Stlth+} (You found it on level 3 of the Depths)
 58714 | Depths:3 | Reached skill level 27 in Shields
 58719 | Depths:3 | Received a gift from Trog
 58991 | Depths:3 | Gained mutation: You are weak. (Str -2) [a neqoxec]
 59001 | Depths:3 | Found a one-way gate leading to the halls of Pandemonium.
 59128 | Depths:4 | Reached XP level 25. HP: 246/246 MP: 22/22
 59132 | Depths:4 | Noticed the Enchantress
 59152 | Depths:4 | Killed the Enchantress
 59165 | Depths:4 | Reached skill level 27 in Axes
 59611 | Depths:4 | Identified the +6 dagger of Earthquakes {drain, Int+3}
 59616 | Depths:4 | Received a gift from Trog
 59660 | Depths:4 | Found a one-way gate to the infinite horrors of the Abyss.
 59714 | Depths:4 | Got a pitted bone ring
 60046 | Depths:4 | Identified the ring of the Kraken {*Tele rElec rPois Dex-5
                  | SInv} (You found it on level 4 of the Depths)
 60905 | Snake:3  | Bought a scroll of enchant armour for 97 gold pieces
 60905 | Snake:3  | Bought a potion of stabbing for 52 gold pieces
 60905 | Snake:3  | Bought a scroll of magic mapping for 45 gold pieces
 60905 | Snake:3  | Bought a ration for 65 gold pieces
 60905 | Snake:3  | Bought a ration for 65 gold pieces
 60913 | Snake:3  | Acquired 5 rations
 60914 | Snake:3  | Acquired the ring of Fedhas's Wrath {rN+ Str+4 Stlth+}
 60915 | Snake:3  | Acquired a +0 cloak of magic resistance
 60917 | Snake:3  | Acquired a +1 tower shield of cold resistance
 61176 | Elf:1    | Entered Level 1 of the Elven Halls
 61468 | Elf:1    | Received a gift from Trog
 61497 | Elf:1    | Got an ebony broad axe {god gift}
 61498 | Elf:1    | Identified the +11 broad axe "Qozoekhe" {vorpal, +Rage
                  | rElec} (Trog gifted it to you on level 1 of the Elven
                  | Halls)
 62319 | Elf:2    | Found Ogocs's Assorted Antiques.
 62320 | Elf:2    | Found Qefrus's Antique Armour Emporium.
 62320 | Elf:2    | Found Uthuops's Weapon Shoppe.
 62325 | Elf:2    | Bought a scroll of teleportation for 84 gold pieces
 62325 | Elf:2    | Bought a scroll of acquirement for 1456 gold pieces
 62325 | Elf:2    | Found Siluneor's Magic Scroll Emporium.
 62339 | Elf:2    | Bought a scroll of fog for 34 gold pieces
 62339 | Elf:2    | Bought a scroll of remove curse for 51 gold pieces
 62339 | Elf:2    | Bought a scroll of identify for 34 gold pieces
 62339 | Elf:2    | Bought a scroll of fear for 59 gold pieces
 62339 | Elf:2    | Bought a scroll of identify for 34 gold pieces
 62377 | Elf:2    | Received a gift from Trog
 62439 | Elf:2    | Got an ancient fustibalus
 62569 | Elf:2    | Got a heavily runed scale mail
 62570 | Elf:2    | Identified the +4 scale mail of an ice cave {rPois Str+2}
                  | (You found it on level 2 of the Elven Halls)
 62647 | Elf:2    | Found a runed translucent gate.
 62647 | Elf:2    | Found a runed translucent gate.
 62647 | Elf:2    | Found a runed translucent gate.
 63361 | Elf:3    | Entered Level 3 of the Elven Halls
 63703 | Elf:3    | Received a gift from Trog
 64225 | Elf:3    | Reached XP level 26. HP: 243/264 MP: 22/22
 64248 | Elf:3    | Identified Fullazo's Catalogue of Good Luck
 64379 | Elf:3    | Got a translucent brass ring
 64384 | Elf:3    | Identified the cursed ring of Oschuoffi {rC+ Str+4 Int+4
                  | Dex-4} (You found it on level 3 of the Elven Halls)
 64705 | Elf:3    | Found Wemec's Jewellery Shop.
 64720 | Elf:3    | Bought the ring of the Devil {*Slow rC+ MR+ Stlth+} for 579
                  | gold pieces
 65478 | Depths:4 | Acquired a +1 hat of see invisible
 65554 | Depths:5 | Entered Level 5 of the Depths
 65738 | Depths:5 | Found a gate to the Realm of Zot.
 66124 | Depths:5 | Found a gateway to a ziggurat.
 66202 | Depths:5 | Found a shattered altar of Ashenzari.
 66325 | Depths:5 | Got a coiled garnet amulet
 66466 | Depths:5 | Identified the amulet "Leunic" {MR+ Regen+ SInv} (You found
                  | it on level 5 of the Depths)
 66505 | Depths:4 | Got a bloodstained war axe {god gift}
 66859 | Lair:1   | Identified the +13 war axe of Plunder {vorpal, rC+} (Trog
                  | gifted it to you on level 4 of the Depths)
 66970 | Slime:1  | Entered Level 1 of the Pits of Slime
 66982 | Slime:1  | Reached skill level 27 in Fighting
 67012 | Slime:1  | Received a gift from Trog
 67116 | Slime:2  | Gained mutation: You are very weak. (Str -4) [a shining
                  | eye]
 67117 | Slime:2  | Gained mutation: Your spells are a little easier to cast,
                  | but a little less powerful. [a shining eye]
 67121 | Slime:2  | Gained mutation: Armour fits poorly on your strangely
                  | shaped body. [a shining eye]
 67125 | Slime:2  | Gained mutation: You can translocate small distances at
                  | will. [a shining eye]
 67136 | Slime:2  | Gained mutation: You tend to lose your temper in combat. [a
                  | shining eye]
 68179 | Slime:5  | Entered Level 5 of the Pits of Slime
 68645 | Slime:5  | Noticed the Royal Jelly
 68655 | Slime:5  | Killed the Royal Jelly
 68892 | Slime:5  | Got a warped copper amulet
 69105 | Slime:5  | Got a heavily runed marble ring
 69125 | Slime:5  | Identified the amulet of Elyvilon's Respect {RegenMP rC+}
                  | (You found it on level 5 of the Pits of Slime)
 69127 | Slime:5  | Identified the ring "Cusuere" {rN+ Str+6} (You found it on
                  | level 5 of the Pits of Slime)
 69136 | Slime:5  | Found the +10 morningstar "Eos" {elec, Halo rElec}
 69157 | Slime:5  | Got a slimy rune of Zot
 69159 | Slime:5  | Got a wavering gossamer ring
 69161 | Slime:5  | Identified the ring of Qiluan {+Fly rN+ Slay+2 SInv} (You
                  | found it on level 5 of the Pits of Slime)
 69198 | Slime:5  | Got a crude platinum amulet
 69207 | Slime:5  | Identified the amulet of Equilibrium {rC- Regen+ Str+3}
                  | (You found it on level 5 of the Pits of Slime)
 69247 | Slime:5  | Lost mutation: You are very weak. (Str -4) [potion of
                  | mutation]
 69247 | Slime:5  | Lost mutation: You tend to lose your temper in combat.
                  | [potion of mutation]
 69247 | Slime:5  | Gained mutation: Your natural rate of healing is unusually
                  | fast. [potion of mutation]
 69247 | Slime:5  | Gained mutation: You evolve. [potion of mutation]
 69247 | Slime:5  | Gained mutation: Your magical capacity is low. (-10% MP)
                  | [potion of mutation]
 69247 | Slime:5  | Gained mutation: You are partially covered in large bone
                  | plates. (SH +4) [potion of mutation]
 69248 | Slime:5  | Lost mutation: You are weak. (Str -2) [potion of mutation]
 69248 | Slime:5  | Lost mutation: Your magical capacity is low. (-10% MP)
                  | [potion of mutation]
 69248 | Slime:5  | Lost mutation: Armour fits poorly on your strangely shaped
                  | body. [potion of mutation]
 69248 | Slime:5  | Gained mutation: You have a somewhat thin skeletal
                  | structure. (Dex +2, Stealth) [potion of mutation]
 69711 | Hell     | Entered the Vestibule of Hell
 69711 | Hell     | Noticed Geryon
 69732 | Hell     | Received a gift from Trog
 69740 | Hell     | Killed Geryon
 69814 | Hell     | Found a gateway to the decaying netherworld of Tartarus.
 70012 | Hell     | Found a gateway to the freezing wastes of Cocytus.
 70092 | Hell     | Received a gift from Trog
 70141 | Hell     | Found a gateway to the ashen valley of Gehenna.
 70212 | Hell     | Found a gateway to the Iron City of Dis.
 70526 | Vaults:5 | Entered Level 5 of the Vaults
 70538 | Vaults:5 | Reached XP level 27. HP: 273/273 MP: 22/22
 70567 | Vaults:5 | Reached skill level 27 in Armour
 70765 | Vaults:5 | Identified the +3 ring mail of Exclusion {MP+9 Str+4
                  | Stlth+}
 70784 | Vaults:5 | Received a gift from Trog
 71015 | Vaults:5 | Identified the +8 morningstar of the Inferno {protect,
                  | *Rage rC+ MR+}
 71084 | Vaults:5 | Identified the amulet "Uvymo" {Faith +Blink}
 71160 | Vaults:5 | Noticed an ancient lich
 71169 | Vaults:5 | Killed an ancient lich
 71763 | Vaults:5 | Got a silver rune of Zot
 71835 | Vaults:5 | Found the +3 Elemental Staff {rElec rF++ rC++ MR++ AC+5}
 71969 | Vaults:5 | Got a dazzling plate armour
 71970 | Vaults:5 | Identified the +3 plate armour of Evolution {SInv} (You
                  | found it on level 5 of the Vaults)
 72100 | Vaults:5 | Got an ichor-stained scale mail
 72101 | Vaults:5 | Identified the +6 scale mail of Dust Devil {Dex+5} (You
                  | found it on level 5 of the Vaults)
 72563 | Temple   | Entered the Ecumenical Temple
 73000 | Hell     | Acquired the +9 broad axe of Integrity {elec, rElec Int+4}
 73023 | Coc:1    | Entered Level 1 of Cocytus
 73207 | Coc:2    | Received a gift from Trog
 73647 | Coc:6    | Received a gift from Trog
 73656 | Coc:6    | Lost mutation: Your spells are a little easier to cast, but
                  | a little less powerful. [evolution]
 73974 | Coc:7    | Entered Level 7 of Cocytus
 74540 | Coc:5    | Received a gift from Trog
 75505 | Coc:6    | Received a gift from Trog
 75610 | Coc:7    | Noticed the Serpent of Hell
 75677 | Coc:7    | Killed the Serpent of Hell
 76996 | Coc:7    | Noticed Antaeus
 77020 | Coc:7    | Killed Antaeus
 77034 | Coc:7    | Got an icy rune of Zot
 77453 | Coc:7    | Reached skill level 27 in Dodging
 77675 | Dis:1    | Entered Level 1 of the Iron City of Dis
 78138 | Dis:1    | Received a gift from Trog
 78138 | Dis:1    | Reached skill level 5 in Stealth
 79499 | Dis:5    | Received a gift from Trog
 80132 | Dis:6    | Reached skill level 10 in Stealth
 80469 | Dis:7    | Entered Level 7 of the Iron City of Dis
 81073 | Dis:7    | Received a gift from Trog
 81654 | Dis:7    | Received a gift from Trog
 81713 | Dis:7    | Reached skill level 15 in Stealth
 81735 | Dis:7    | Identified the +5 rapier "Wevam" {vorpal, *Noise +Inv rF++
                  | rN+}
 82246 | Dis:7    | Identified the Papyrus of Sinister Arts
 82248 | Dis:7    | Got a polished hand axe
 82249 | Dis:7    | Identified the +10 hand axe of Daelud {vorpal, *Slow +Fly
                  | rElec Dex+5} (You found it on level 7 of the Iron City of
                  | Dis)
 82371 | Dis:7    | Identified the +4 staff of Dispater
 82371 | Dis:7    | Noticed Dispater
 82636 | Dis:7    | Got an iron rune of Zot
 83196 | Tar:1    | Entered Level 1 of Tartarus
 83603 | Tar:1    | Received a gift from Trog
 83909 | Tar:2    | Gained mutation: You are clumsy. (Dex -2) [evolution]
 84124 | Tar:4    | Received a gift from Trog
 84763 | Tar:5    | Received a gift from Trog
 85392 | Tar:6    | Received a gift from Trog
 86258 | Tar:6    | Gained mutation: Your muscles are strong. (Str +2)
                  | [evolution]
 86391 | Tar:6    | Received a gift from Trog
 86617 | Tar:7    | Entered Level 7 of Tartarus
 87208 | Tar:7    | Got a translucent whip
 87209 | Tar:7    | Identified the +6 whip "Dufocogo" {drain, Str+2} (You found
                  | it on level 7 of Tartarus)
 87221 | Tar:7    | Identified the Catalogue of Floating Evil
 87360 | Tar:7    | Received a gift from Trog
 87430 | Tar:7    | Identified the ring of Eddeod Ita {rPois rF+ Int+3 Stlth+}
 87461 | Tar:7    | Noticed an ancient lich
 87487 | Tar:7    | Killed an ancient lich
 87832 | Tar:7    | Reached skill level 1 in Evocations
 87965 | Tar:7    | Noticed an ancient lich
 87973 | Tar:7    | Killed an ancient lich
 88010 | Tar:7    | Noticed Ereshkigal
 88907 | Tar:7    | Received a gift from Trog
 89136 | Tar:7    | Killed Ereshkigal
 89160 | Tar:7    | Got a bone rune of Zot
 89630 | Tar:7    | Got a warped kite shield
 89631 | Tar:7    | Identified the +1 kite shield of Naocwozi {*Corrode rC++
                  | Slay+3} (You found it on level 7 of Tartarus)
 89632 | Tar:7    | Identified the Disquisition on Destructive Ignition
 89869 | Geh:1    | Entered Level 1 of Gehenna
 89902 | Geh:1    | Reached skill level 5 in Evocations
 90167 | Geh:3    | Received a gift from Trog
 90686 | Geh:5    | Received a gift from Trog
 91065 | Geh:6    | Received a gift from Trog
 91425 | Geh:7    | Entered Level 7 of Gehenna
 92430 | Geh:7    | Received a gift from Trog
 92608 | Geh:7    | Reached skill level 27 in Stealth
 93072 | Geh:7    | Got a slimy rapier
 93084 | Geh:7    | Identified the +9 rapier of Karma {elec, rC++ Str+5} (You
                  | found it on level 7 of Gehenna)
 93208 | Geh:7    | Received a gift from Trog
 93210 | Geh:7    | Reached skill level 10 in Evocations
 93312 | Geh:7    | Gained mutation: You are covered in fur. (AC +1)
                  | [evolution]
 93457 | Geh:7    | Identified the +7 sceptre of Asmodeus
 93457 | Geh:7    | Noticed Asmodeus
 93481 | Geh:7    | Killed Asmodeus
 93495 | Geh:7    | Got a shimmering great sword
 93496 | Geh:7    | Identified the +7 great sword of Causality {elec, Int+4
                  | Stlth+} (You found it on level 7 of Gehenna)
 93519 | Geh:7    | Got an obsidian rune of Zot
 94645 | Lair:6   | Got a coiled bone amulet
 94646 | Lair:6   | Identified the amulet "Qacw" {Inacc Int+5} (You found it on
                  | level 6 of the Lair of Beasts)
 94850 | Orc:2    | Bought the ring "Maniv Ubli" {*Slow +Blink rCorr Str+2
                  | Dex+5} for 689 gold pieces
 95175 | Zot:1    | Entered Level 1 of the Realm of Zot
 95441 | Zot:1    | Noticed an orb of fire
 95443 | Zot:1    | Gained mutation: You are frail. (-10% HP) [an orb of fire]
 95452 | Zot:1    | Gained mutation: You are dopey. (Int -2) [an orb of fire]
 95457 | Zot:1    | Gained mutation: Scrolls take you a little longer to read.
                  | [an orb of fire]
 95459 | Zot:1    | Gained mutation: Your body sometimes deteriorates upon
                  | taking damage. [an orb of fire]
 95465 | Zot:1    | Killed an orb of fire
 95791 | Zot:1    | You fall into a shaft and drop 1 floor!
 95937 | Zot:2    | Noticed a juggernaut
 95950 | Zot:2    | Killed a juggernaut
 95955 | Zot:2    | Reached skill level 15 in Evocations
 96025 | Zot:2    | Received a gift from Trog
 96731 | Zot:2    | Found the +5 robe of Night {Dark MR+ SInv}
 96799 | Zot:2    | Got a masterwork battleaxe
 97018 | Zot:1    | Found a runed translucent gate.
 97018 | Zot:1    | Found a runed translucent gate.
 97043 | Zot:1    | Found a runed translucent gate.
 97043 | Zot:1    | Noticed Lepraw's ghost (legendary TrBe)
 97076 | Zot:1    | Killed Lepraw's ghost
 97080 | Zot:1    | Got a pitted halberd
 97083 | Zot:1    | Identified the cursed +0 battleaxe of Dismay {freeze, Dex+2
                  | Stlth+} (You found it on level 2 of the Realm of Zot)
 97085 | Zot:1    | Identified the +10 halberd "Mosoumoi" {speed, Dex+2} (You
                  | found it on level 1 of the Realm of Zot)
 97239 | Zot:3    | Noticed an orb of fire
 97245 | Zot:3    | Gained mutation: Your magical capacity is low. (-10% MP)
                  | [an orb of fire]
 97255 | Zot:3    | Killed an orb of fire
 97571 | Zot:3    | Noticed an orb of fire
 97588 | Zot:3    | Killed an orb of fire
 98035 | Zot:4    | Received a gift from Trog
 98332 | Zot:4    | Got a bloodstained falchion
 98335 | Zot:4    | Identified the cursed +0 falchion "Goblinbane" {venom, MR+
                  | MP+9} (You found it on level 4 of the Realm of Zot)
 98519 | Zot:4    | Noticed an orb of fire
 98523 | Zot:4    | Gained mutation: Armour fits poorly on your strangely
                  | shaped body. [an orb of fire]
 98534 | Zot:4    | Killed an orb of fire
 99233 | Zot:5    | Entered Level 5 of the Realm of Zot
 99550 | Zot:5    | Noticed an ancient lich
 99563 | Zot:5    | Killed an ancient lich
 99570 | Zot:5    | Noticed an orb of fire
 99579 | Zot:5    | Noticed an orb of fire
 99581 | Zot:5    | Noticed an orb of fire
 99588 | Zot:5    | Lost mutation: You are dopey. (Int -2) [an orb of fire]
 99589 | Zot:5    | Killed an orb of fire
 99591 | Zot:5    | Killed an orb of fire
 99592 | Zot:5    | Gained mutation: Your spells are a little harder to cast,
                  | but a little more powerful. [mutagenic glow]
 99594 | Zot:5    | Killed an orb of fire
 99596 | Zot:5    | Noticed an ancient lich
 99619 | Zot:5    | Killed an ancient lich
 99638 | Zot:5    | Gained mutation: You are very clumsy. (Dex -4) [mutagenic
                  | glow]
 99671 | Zot:5    | Gained mutation: You are dopey. (Int -2) [mutagenic glow]
 99725 | Zot:5    | Gained mutation: Your body often deteriorates upon taking
                  | damage. [mutagenic glow]
 99820 | Zot:5    | Noticed an orb of fire
 99820 | Zot:5    | Noticed an orb of fire
 99823 | Zot:5    | Gained mutation: Potions are less effective at restoring
                  | your health. [an orb of fire]
 99831 | Zot:5    | Lost mutation: Your muscles are strong. (Str +2) [an orb of
                  | fire]
 99834 | Zot:5    | Killed an orb of fire
 99837 | Zot:5    | Killed an orb of fire
 99851 | Zot:5    | Noticed an orb of fire
 99860 | Zot:5    | Noticed an orb of fire
 99865 | Zot:5    | Gained mutation: You are weak. (Str -2) [an orb of fire]
 99868 | Zot:5    | Killed an orb of fire
 99868 | Zot:5    | Received a gift from Trog
 99881 | Zot:5    | Killed an orb of fire
 99881 | Zot:5    | Noticed an ancient lich
 99907 | Zot:5    | Killed an ancient lich
100329 | Zot:5    | Gained mutation: Your movements are slightly less
                  | encumbered by armour. (ER -2) [evolution]
101808 | D:13     | Paralysed by fainting for 5 turns
101862 | D:11     | Paralysed by fainting for 5 turns
102303 | Snake:2  | Bought a phantom mirror for 330 gold pieces
102303 | Snake:2  | Bought a phantom mirror for 330 gold pieces
102303 | Snake:2  | Bought a phantom mirror for 330 gold pieces
103598 | Snake:3  | Bought a scroll of immolation for 105 gold pieces
103598 | Snake:3  | Bought a scroll of identify for 60 gold pieces
103598 | Snake:3  | Bought a potion of mutation for 240 gold pieces
105069 | Lair:1   | Paralysed by fainting for 6 turns
105536 | Vaults:4 | Bought a scroll of identify for 20 gold pieces
105536 | Vaults:4 | Bought a scroll of remove curse for 30 gold pieces
105536 | Vaults:4 | Bought 3 scrolls of vulnerability for 225 gold pieces
107263 | D:15     | Lost mutation: Scrolls take you a little longer to read.
                  | [potion of mutation]
107263 | D:15     | Lost mutation: You are weak. (Str -2) [potion of mutation]
107263 | D:15     | Gained mutation: You passively map a small area around you.
                  | [potion of mutation]
107264 | D:15     | Lost mutation: Your spells are a little harder to cast, but
                  | a little more powerful. [potion of mutation]
107264 | D:15     | Lost mutation: You are frail. (-10% HP) [potion of
                  | mutation]
107264 | D:15     | Gained mutation: You have large cloven feet. [potion of
                  | mutation]
107265 | D:15     | Lost mutation: Your body often deteriorates upon taking
                  | damage. [potion of mutation]
107265 | D:15     | Lost mutation: Your body sometimes deteriorates upon taking
                  | damage. [potion of mutation]
107265 | D:15     | Lost mutation: You are covered in fur. (AC +1) [potion of
                  | mutation]
107265 | D:15     | Gained mutation: Your muscles are strong. (Str +2) [potion
                  | of mutation]
107266 | D:15     | Lost mutation: Your movements are slightly less encumbered
                  | by armour. (ER -2) [potion of mutation]
107266 | D:15     | Lost mutation: Armour fits poorly on your strangely shaped
                  | body. [potion of mutation]
107266 | D:15     | Lost intelligence.
107266 | D:15     | Gained mutation: You are very dopey. (Int -4) [potion of
                  | mutation]
107266 | D:15     | Gained mutation: You have a pair of large horns on your
                  | head. [potion of mutation]
107269 | D:15     | Lost mutation: Your natural rate of healing is unusually
                  | fast. [potion of mutation]
107269 | D:15     | Lost mutation: Your muscles are strong. (Str +2) [potion of
                  | mutation]
107269 | D:15     | Lost mutation: You have a pair of large horns on your head.
                  | [potion of mutation]
107269 | D:15     | Lost mutation: You are very dopey. (Int -4) [potion of
                  | mutation]
107269 | D:15     | Gained mutation: You are partially covered in slimy green
                  | scales. (AC +2) [potion of mutation]
107269 | D:15     | Gained mutation: Your system is resistant to poisons.
                  | (rPois) [potion of mutation]
107299 | D:15     | Lost mutation: Your magical capacity is low. (-10% MP)
                  | [potion of mutation]
107299 | D:15     | Lost mutation: You are very clumsy. (Dex -4) [potion of
                  | mutation]
107299 | D:15     | Lost mutation: You are clumsy. (Dex -2) [potion of
                  | mutation]
107299 | D:15     | Gained mutation: Your flesh is heat resistant. (rF+)
                  | [potion of mutation]
108279 | Zig:1    | Entered Level 1 of a ziggurat
108296 | Zig:2    | Entered Level 2 of a ziggurat
108313 | Zig:2    | Got a flickering golden ring
108315 | Zig:2    | Identified the ring of Zasm {rF+ Int+4 Slay+3 SInv} (You
                  | found it on level 2 of a ziggurat)
108349 | Zig:3    | Entered Level 3 of a ziggurat
108415 | Zig:4    | Entered Level 4 of a ziggurat
108458 | Zig:5    | Entered Level 5 of a ziggurat
108497 | Zig:5    | Got a glimmering scimitar
108498 | Zig:5    | Identified the +1 scimitar of the Desert {pain, Str+3} (You
                  | found it on level 5 of a ziggurat)
108503 | Zig:6    | Entered Level 6 of a ziggurat
108508 | Zig:6    | Noticed a juggernaut
108518 | Zig:6    | Killed a juggernaut
108552 | Zig:6    | Got a brightly glowing spear
108563 | Zig:6    | Identified the +6 spear of Kismet {chaos, *Contam rN+ MR++
                  | Stlth+} (You found it on level 6 of a ziggurat)
108846 | Zig:7    | Entered Level 7 of a ziggurat
108858 | Zig:7    | Gained mutation: You are frail. (-10% HP) [a shining eye]
108866 | Zig:7    | Gained mutation: Potions are poor at restoring your health.
                  | [a shining eye]
108882 | Zig:7    | Got a vibrating bronze ring
108895 | Zig:7    | Identified the ring "Rujouss" {Ice +Inv Dex+2} (You found
                  | it on level 7 of a ziggurat)
108900 | Zig:8    | Entered Level 8 of a ziggurat
108976 | Zig:9    | Entered Level 9 of a ziggurat
109025 | Zig:9    | Got a dazzling morningstar
109033 | Zig:9    | Identified the +12 morningstar of Otumag {vamp, *Corrode
                  | rElec Str+5} (You found it on level 9 of a ziggurat)
109034 | Zig:9    | Acquired the +14 obsidian axe {vorpal, +Fly SInv *Curse}
109035 | Zig:9    | Found the +14 obsidian axe {vorpal, +Fly SInv *Curse}
109231 | Zig:10   | Entered Level 10 of a ziggurat
109306 | Zig:10   | Got a scorched lajatang
109307 | Zig:10   | Identified the +5 lajatang of Midwinter {protect, +Inv
                  | rPois Str+3} (You found it on level 10 of a ziggurat)
109312 | Zig:11   | Entered Level 11 of a ziggurat
109321 | Zig:11   | Noticed Mebbiwn the pandemonium lord
109322 | Zig:11   | Noticed Ocil Tur the pandemonium lord
109322 | Zig:11   | Noticed Ammi the pandemonium lord
109337 | Zig:11   | Killed Mebbiwn the pandemonium lord
109338 | Zig:11   | Killed Ocil Tur the pandemonium lord
109339 | Zig:11   | Killed Ammi the pandemonium lord
109374 | Zig:11   | Got a warped iron ring
109389 | Zig:11   | Identified the ring of Jolapp {Str+3 Int+3 Stlth-} (You
                  | found it on level 11 of a ziggurat)
109411 | Zig:12   | Entered Level 12 of a ziggurat
109427 | Zig:12   | Received a gift from Trog
109490 | Zig:13   | Entered Level 13 of a ziggurat
109562 | Zig:13   | Identified Decwouk's Disquisition on the Floating Escort
109730 | Zig:14   | Entered Level 14 of a ziggurat
109773 | Zig:14   | Found the +8 frozen axe "Frostbite" {freezing cloud, *Noise
                  | +Fly rC+}
109773 | Zig:14   | Found the macabre finger necklace {rN+}
109805 | Zig:14   | Identified the Catalogue of Burning Clay
109866 | Zig:15   | Entered Level 15 of a ziggurat
109939 | Zig:15   | Got a wavering amethyst amulet
109945 | Zig:15   | Identified the amulet "Leqoyf" {RegenMP +Fly rPois} (You
                  | found it on level 15 of a ziggurat)
109956 | Zig:15   | Got a bloodstained plate armour
109960 | Zig:16   | Entered Level 16 of a ziggurat
109962 | Zig:16   | Identified the +10 plate armour "Koaraiv" {rElec rPois rN+
                  | Stlth+} (You found it on level 15 of a ziggurat)
109971 | Zig:16   | Noticed Ojom the pandemonium lord
109984 | Zig:16   | Killed Ojom the pandemonium lord
109988 | Zig:16   | Killed from afar by a hellion

Illustrated notes

Levels and vault maps discovered:
D:1:      minmay_arrival_four_loops, layout_basic
D:2:      layout_basic, uniq_robin, uniq_sigmund
D:3:      layout_loops_corners, overflow_temple_1_default,
          nemelex_xobeh_ov_fountains_minmay, first_ration
D:4:      minmay_razor_zed, layout_cave_pools, nicolae_overflow_crystal_walls,
          lemuel_round_altar, serial_shops, shop
D:5:      cheibrodos_quashed, layout_cave_pools, led_sif_pool, xom_teletrap_fun,
          minmay_temple_entry_mini_moons, gup_sewer_entry_glass, st_stairs_10
D:6:      layout_loops_corners
D:7:      layout_rooms, lemuel_doored_altar, basic_altar
D:8:      layout_loops_ring, grunt_temple_overflow_holy_war, erik_lair_island,
          uniq_joseph, uniq_maurice, uniq_maggie
D:9:      minmay_shrinking_squares, layout_basic, lemuel_coloured_pillars_altar,
          elyvilon_altar_3
D:10:     layout_long_grid, orc_0_dummy, serial_shops, shop
D:11:     layout_roguey, hangedman_little_slice_of_home
D:12:     layout_irregular_city, chequers_big_river, wad_dig_loot
D:13:     layout_roguey, david_vaults_4, uniq_azrael
D:14:     layout_small_grid, chequers_serial_rivers_small_3
D:15:     grunt_enter_depths_snipers, layout_basic, uniq_josephine
Temple:   pf_slime_end_temple
Lair:1:   layout_concentric_octagons, grunt_megastairs_3
Lair:2:   layout_cave_pods, minmay_shoals_entry_centaurs, gammafunk_ghost_grave,
          grunt_megastairs_4, serial_bayou_shore_b, lemuel_fruit_tree,
          uniq_harold, uniq_nergalle
Lair:3:   layout_misc_corridors, nicolae_quartered_pool_medium, pond
Lair:4:   layout_regular_city, minmay_snake_entry_spellcaster
Lair:5:   layout_regular_city, portal_ice_cave_entry_imps,
          serial_bayou_crossing, minmay_lair_oklob_chamber
Lair:6:   minmay_lair_end_frog_pond, layout_gridlike, slime_altar_1,
          minivault_26
Shoals:1: layout_shoals, serial_shops, shop
Shoals:2: layout_shoals, serial_shops, shop_statue
Shoals:3: layout_shoals
Shoals:4: shoals_end_grunt_ice, layout_shoals, shoal_ilsuiw, serial_shops,
          nicolae_shop_temple_entry_statues_fountains,
          nicolae_shoals_undead_eyrie
Snake:1:  layout_rooms, serial_shops, shop
Snake:2:  cheibrodos_forgotten_conduit, layout_cave_town, serial_shops, shop,
          uniq_vashnia
Snake:3:  layout_cave_shapes, minmay_shop_grid_forest, uniq_asterion
Snake:4:  snake_pit_salamanders_mu, layout_cave_town, st_stairs_4,
          grunt_megastairs_5
Slime:1:  layout_caves
Slime:2:  layout_caves, nicolae_slime_phagocytosis
Slime:3:  layout_caves
Slime:4:  layout_caves
Slime:5
Orc:1:    layout_diamond_mine
Orc:2:    st_orc_open, layout_diamond_mine, serial_shops, shop_fountains
Elf:1:    elf_arrival_001, layout_loops_corners,
          hangedman_elven_crosses_minicolossus, minmay_crystal_room
Elf:2:    layout_gridlike, minmay_shoptagon
Elf:3:    elf_hall_gauntlet_wide, layout_loops_corners, serial_shops,
          nicolae_shop_stone, hangedman_elf_power_crystal
Vaults:1: hangedman_vaults_cutoff, ontoclasm_vaults_ring_large,
          nicolae_vaults_big_ls, nicolae_vaults_asterisk,
          vaults_mumra_minichess_inversion, hangedman_vaults_stretched_pinwheel,
          ontoclasm_vaults_misaligned, nicolae_vaults_little_squares_4,
          layout_vaults_chaotic_city
Vaults:2: v_misc_2, sword_in_stone, nicolae_vaults_specimen_jars, v_misc_33,
          grunt_vaults_trifunnel, nicolae_vaults_network_square, v_misc_33,
          minmay_crypt_entry_simple_walls, v_alt_pattern_2,
          ontoclasm_vaults_gateway, layout_vaults_ring, uniq_saint_roka
Vaults:3: vaults_room_pool, v_rooms_5, v_misc_1, nicolae_vaults_quadrants,
          hangedman_vaults_slice, vaults_room_ringed_pool,
          hangedman_vaults_stream, grunt_vaults_twisty,
          ontoclasm_vaults_decontamination, v_misc_30, layout_vaults_big_cross
Vaults:4: v_alt_pattern_3, nicolae_vaults_hallways_thing,
          dpeg_vaults_monster_row, v_rooms_1, v_misc_27,
          nicolae_vaults_yaktaur_gun_rack, layout_vaults_omnigrid, serial_shops,
          nicolae_shop_behind_doors, uniq_sojobo
Vaults:5
Crypt:1:  layout_misc_corridors, nrook_guardian_serpent_ordinary, uniq_xtahua
Crypt:2:  layout_gridlike, uniq_frederick
Crypt:3:  due_elkab, layout_chaotic_city, nicolae_tomb_entry_grand_gallery
Tomb:1
Depths:1: layout_basic, pf_hell_entry_great_geh, grunt_decor_arrowhead,
          minmay_misc_feat_columns, hallowed_hall, grunt_megastairs_1
Depths:2: box_level_dp, hell_entry, uniq_bai_suzhen
Depths:3: minmay_skeleton_keep, layout_cave_pools, lightli_too_deep,
          kennysheep_doodads, grunt_pan_entry_zigzag
Depths:4: hangedman_cross_stitches, layout_cave_pools, solitary_fountain,
          hell_entry, rand_demon_pan_entry_9, abyss_entry,
          kennysheep_cross_bottleneck, infiniplex_staircase_x, uniq_enchantress
Depths:5: evilmike_zot_entry_basic, layout_cave_shapes, enter_ziggurat_f,
          hangedman_coc_ice_floe, nicolae_ashenzari_panopticon
Hell
Dis:1:    layout_overlapping_boxes
Dis:2:    layout_jigsaw, hangedman_dis_chains
Dis:3:    layout_subdivisions, hangedman_player_shredder
Dis:4:    layout_subdivisions
Dis:5:    layout_regular_city
Dis:6:    layout_gridville
Dis:7:    iron_city_of_dis [dis_grunt, dis_wall_5], layout_chaotic_city
Geh:1:    layout_gehenna_lava_caves, lemuel_old_faithful
Geh:2:    layout_gehenna_pools_triple
Geh:3:    layout_gehenna_lava_caves
Geh:4:    layout_gehenna_pools_box
Geh:5:    layout_gehenna_lava_caves
Geh:6:    layout_gehenna_lava_caves
Geh:7:    geh_grunt
Coc:1:    layout_ice_bergs
Coc:2:    layout_cocytus_water_paths
Coc:3:    layout_cocytus_water_paths
Coc:4:    layout_cocytus_water_paths
Coc:5:    layout_ice_bergs
Coc:6:    layout_ice_bergs
Coc:7:    coc_dpeg
Tar:1:    layout_catacombs
Tar:2:    layout_cathedral_of_symmetry, nicolae_tar_cuneiform_not
Tar:3:    layout_catacombs
Tar:4:    layout_catacombs, evilmike_ambush [evilmike_ambush_outer_basic,
          evilmike_ambush_inner_basic]
Tar:5:    layout_grid_maze
Tar:6:    layout_grid_maze
Tar:7:    tar_old
Zot:1:    layout_cellular_growth, ebering_ghost_rock_garden
Zot:2:    ebering_greatest_show_in_zot, layout_cellular_growth,
          st_large_dragon_hoard_1
Zot:3:    layout_basic
Zot:4:    grunt_zot_stairs_mandelzot, layout_concentric_octagons,
          grunt_ministairs_1
Zot:5:    layout_gridlike
Zig:16

Skill      XL: |  1  2  3  4  5  6  7  8  9 10 11 12 13 14 15 16 17 18 19 20 21 22 23 24 25 26 27 |
---------------+----------------------------------------------------------------------------------+-----
Fighting       | 4 5 6 7 8 9 10 11 13 15 16 18 19 20 22 23 24 26 27 | 27.0
Axes           | 4 5 7 9 11 13 15 16 17 18 20 21 22 23 24 25 26 27 | 27.0
Armour         | 3 6 8 10 12 13 20 21 22 26 27 | 27.0
Dodging        | 3 4 5 6 7 8 9 11 12 13 14 15 17 18 27 | 27.0
Stealth        | 1 27 | 27.0
Shields        | 1 2 9 14 16 17 18 19 22 23 27 | 27.0
Evocations     | 26 | 26.9

Action                   |  1- 3 |  4- 6 |  7- 9 | 10-12 | 13-15 | 16-18 | 19-21 | 22-24 | 25-27 || total
-------------------------+-------+-------+-------+-------+-------+-------+-------+-------+-------++-------
Melee: Hand axe          |    61 |   120 |       |       |       |       |       |       |       ||   181
       Headbutt          |    10 |    24 |    43 |   133 |   284 |   286 |   369 |   413 |  2183 ||  3745
       War axe           |       |     9 |   191 |   451 |   111 |       |       |       |  1095 ||  1857
       Trident           |       |       |       |    42 |    10 |       |       |       |       ||    52
       Flail             |       |       |       |       |   182 |       |       |       |       ||   182
       Broad axe         |       |       |       |       |   683 |   968 |  1058 |  1183 |  5135 ||  9027
Invok: Berserk           |     1 |     2 |     9 |     9 |     9 |     5 |     3 |     9 |    44 ||    91
       Brothers in Arms  |       |       |     1 |     5 |     2 |     9 |     7 |    18 |    60 ||   102
       Trog's Hand       |       |       |       |     3 |     3 |     5 |     2 |     7 |    69 ||    89
 Abil: Blink             |       |       |       |       |       |       |       |       |    25 ||    25
Evoke: Wand              |       |       |       |       |       |     3 |       |       |     6 ||     9
       Box of beasts     |       |       |       |       |       |       |       |       |     1 ||     1
  Use: Scroll            |       |     2 |     1 |    21 |     9 |    10 |     2 |     3 |    50 ||    98
       Potion            |       |       |       |       |     1 |     5 |       |     3 |    30 ||    39
 Stab: Sleeping          |     1 |     4 |     2 |       |       |       |       |       |    17 ||    24
       Distracted        |       |       |       |       |       |       |     1 |     1 |    17 ||    19
       Confused          |       |       |       |       |       |       |       |       |     3 ||     3
  Eat: Chunk             |       |    13 |    10 |    28 |    33 |    23 |    24 |    27 |    65 ||   223
       Ration            |       |       |     3 |     3 |     4 |     7 |     3 |     7 |    56 ||    83
Armor: Animal skin       |     9 |    13 |    23 |       |       |       |       |       |       ||    45
       Ring mail         |       |       |       |    26 |       |       |       |       |       ||    26
       Chain mail        |       |       |       |    91 |   183 |    88 |       |       |       ||   362
       Plate armour      |       |       |       |       |       |    92 |   121 |   169 |    15 ||   397
       Gold dragon scale |       |       |       |       |       |       |       |       |   634 ||   634
Dodge: Dodged            |    41 |    63 |   117 |   210 |   351 |   408 |   225 |   366 |  1418 ||  3199
       Repelled          |       |       |       |       |       |    27 |    17 |    19 |    28 ||    91
Block: Buckler           |       |       |    20 |    33 |       |       |       |       |       ||    53
       Kite shield       |       |       |       |   197 |   798 |   739 |   516 |   741 |    62 ||  3053
       Reflection        |       |       |       |    14 |    63 |   149 |    73 |    47 |     3 ||   349
       Tower shield      |       |       |       |       |       |       |       |       |  4845 ||  4845
